 Dungeon Crawl Stone Soup version 0.28.0-1-gb440e238dd (webtiles) character file.

Game seed: 12564168195535596524

115 spaghetti the Ruffian (level 4, -2/37 HPs)
             Began as a Demigod Fighter on Feb 20, 2022.
             Slain by an ogre (21 damage)
             ... on level 4 of the Dungeon.
             The game lasted 00:02:28 (3108 turns).

spaghetti the Ruffian (Demigod Fighter)             Turns: 3108, Time: 00:02:29

Health: -2/37      AC:  6    Str: 21    XL:     4   Next: 41%
Magic:  6/6        EV:  9    Int: 10    God:
Gold:   161        SH:  4    Dex: 13    Spells: 3/3 levels left

rFire   . . .      SeeInvis .     - Unarmed
rCold   . . .      Faith    .   b - +0 buckler
rNeg    . . .      Spirit   .   a - +0 scale mail
rPois   .          Reflect  .   (no helmet)
rElec   .          Harm     .   (no cloak)
rCorr   .          Rampage  .   (no gloves)
Will    .....                   (no boots)
Stlth   ..........              (no amulet)
HPRegen 0.12/turn               (no ring)
MPRegen 0.10/turn               (no ring)

@: mighty
A: high MP 1, forlorn, divine attributes
a: no special abilities


You were on level 4 of the Dungeon.
You visited 1 branch of the dungeon, and saw 4 of its levels.

You collected 161 gold pieces.

Inventory:

Armour
 a - a +0 scale mail (worn)
 b - a +0 buckler (worn)
 k - a +0 kite shield
Scrolls
 d - a scroll of magic mapping
 g - 3 scrolls of identify
Potions
 j - a potion of haste {unknown}


   Skills:
 - Level 2.6 Fighting
 - Level 2.6 Armour
 - Level 2.6 Shields
 + Level 4.5 Unarmed Combat


You had 3 spell levels left.
You didn't know any spells.
Your spell library was empty.

Dungeon Overview and Level Annotations

Branches:
Dungeon (4/15)
 Temple: D:4-7

Shops:
D:2 [

Annotations:
D:3 3 runed translucent doors, dolemite99's ghost, amateur GrCA


Innate Abilities, Weirdness & Mutations

You have an increased reservoir of magic. (+10% MP)
You shall have no god before yourself.
Your divine heritage dramatically boosts your attributes as you level up.


Message History

No target in view!
No target in view!
No target in view!
You now have 161 gold pieces (gained 10).
An ogre and an orc come into view.
The orc shouts!
You hear a shout! x4
A kobold comes into view. It is wielding a +0 whip.
An orc priest comes into view. It is wielding a +0 short sword.
There are monsters nearby!
There are monsters nearby!
An orc comes into view. It is wielding a +0 hand axe.
The orc shouts!
The kobold throws a stone.
The stone hits you but does no damage.
You start waiting.
An ogre is nearby!
You feel very mighty all of a sudden. The ogre hits you with a +0 giant club!
You pummel the ogre!!
The ogre is severely wounded.
The ogre hits you with a +0 giant club!
* * * LOW HITPOINT WARNING * * *
The orc priest looks braver for a moment.
Sorry, you're not good enough to have a special ability.
Unknown command.
You aren't carrying any items that you can evoke.
It was a potion of curing.
You feel better.
The orc priest invokes the aid of Beogh against you.
Beogh smites you!
* * * LOW HITPOINT WARNING * * *
Okay, then.
The orc priest miscasts a cantrip.
A scorpion comes into view.
An adder comes into view.
The scorpion stings you.
* * * LOW HITPOINT WARNING * * *
The scorpion barely misses you.
It was a potion of heal wounds.
You feel much better.
The ogre hits you with a +0 giant club!!
Ouch! That really hurt!
You die...

#.# ..#.....# #.#
#...#.....# #.# ###.
.......####. #.# #......
...........
#.####.......#.........
..#.............S.....#
..#.##.......##....##.#.
..#.##.........O........
..#.#....#...#.#@...#..
....#.##.#...#.#....#
.#.##.##.#...#o#....#
##.##.#......#.#....#
#.##.#####..#o#....#
#.....†.....#.#.....
#.##.######.#K#..#.#.
#.##.# #.#.#....#..
####.# # #.#.# .#


You could see an ogre and an adder.

Vanquished Creatures
  Jessica (D:2)
  A hound skeleton (D:4)
  2 adders (D:3)
  An adder zombie (D:3)
  A dart slug (D:3)
  2 orcs (D:3)
  4 bats
  4 endoplasms
  6 giant cockroaches
  4 goblins
  4 hobgoblins
  2 jackals (D:2)
  5 ball pythons
  A ball python zombie (D:3)
  2 frilled lizards
  3 kobolds (D:2)
  8 rats
51 creatures vanquished.

Notes
Turn   | Place    | Note
-------+----------+-------------------------------------------
     0 | D:1      | spaghetti the Demigod Fighter began the quest for the Orb.
     0 | D:1      | Reached XP level 1. HP: 18/18 MP: 3/3
    45 | D:1      | Reached skill level 2 in Unarmed Combat
   203 | D:1      | You fall into a shaft and drop 1 floor!
   219 | D:2      | Found Geuntugi's General Store.
   350 | D:2      | Reached XP level 2. HP: 13/25 MP: 4/4
   640 | D:2      | Found Tenorhax's Antique Armour Boutique.
   728 | D:2      | Reached skill level 3 in Unarmed Combat
  1011 | D:2      | Noticed Jessica
  1019 | D:2      | Killed Jessica
  1020 | D:2      | Reached XP level 3. HP: 20/30 MP: 5/5
  1650 | D:3      | Reached skill level 4 in Unarmed Combat
  2047 | D:3      | Reached XP level 4. HP: 37/37 MP: 6/6
  2244 | D:3      | Noticed an Executioner
  2821 | D:3      | Found a runed translucent gate.
  2821 | D:3      | Found a runed translucent gate.
  2821 | D:3      | Found a runed translucent gate.
  2821 | D:3      | Noticed dolemite99's ghost (amateur GrCA)
  3085 | D:4      | Noticed an ogre
  3108 | D:4      | Slain by an ogre

Illustrated notes

Levels and vault maps discovered:
D:1:      saegor_arrival_simple_c, layout_rooms,
          dreamdust_ecumenical_altar_hidden_monk_grotto,
          chequers_serial_rivers_large_b, dk_noncrumbling_4, glass_columns_c
D:2:      layout_loops_ring, serial_shops, shop, nicolae_diamond_shop,
          minivault_23, amcnicky_mini_pool_small, uniq_jessica
D:3:      layout_loops_ring, makhleb_altar_promises_db,
          lemuel_coloured_pillars_altar, nicolae_yredelemnul_ghost_church,
          ashenzari_conservatory_becter
D:4:      layout_basic, serial_shops, nicolae_take_the_stairs, st_stairs_6

Skill      XL: |  1  2  3 |
---------------+----------+-----
Unarmed Combat | 2 3 4 |  4.5
Fighting       | |  2.6
Armour         | |  2.6
Shields        | |  2.6

Action                   |  1- 3 |  4- 6 || total
-------------------------+-------+-------++-------
Melee: Unarmed           |   153 |    55 ||   208
  Use: Scroll            |       |     5 ||     5
       Potion            |       |     3 ||     3
Armor: Scale mail        |    66 |    22 ||    88
Dodge: Dodged            |    60 |    17 ||    77
Block: Buckler           |    27 |     6 ||    33
